 Dungeon Crawl Stone Soup version 0.29-a0-553-g81b289dbe5 (webtiles) character file.

Game seed: 12703732161421948919

88 Armakuni the Ruffian (level 5, 0/47 HPs)
             Began as a Meteoran Wanderer on June 6, 2022.
             Was an Initiate of Elyvilon.
             Slain by a killer bee (1 damage)
             ... on level 4 of the Dungeon.
             The game lasted 00:05:27 (1241 turns).

Armakuni the Ruffian (Meteoran Wanderer)            Turns: 1241, Time: 00:05:28

Health: 0/47       AC:  6    Str: 16    XL:     5   Next: 10%
Magic:  6/6        EV: 12    Int: 12    God:    Elyvilon [......]
Gold:   183        SH:  0    Dex: 14    Spells: 4/4 levels left

rFire   . . .      SeeInvis .     - Unarmed
rCold   . . .      Faith    .   (no shield)
rNeg    . . .      Spirit   .   o - +1 ring mail
rPois   .          Reflect  .   (no helmet)
rElec   .          Harm     .   (no cloak)
rCorr   .          Rampage  .   (no gloves)
Will    .....                   (no boots)
Stlth   +.........              (no amulet)
HPRegen 0.15/turn               (no ring)
MPRegen 0.10/turn               (no ring)

@: lethally poisoned (0 -> -17), about to teleport, glowing
A: sense surroundings 1, otherworldly, glowing, explore regen
a: Renounce Religion


You were on level 4 of the Dungeon.
You worshipped Elyvilon.
Elyvilon was noncommittal.
You visited 1 branch of the dungeon, and saw 4 of its levels.

You collected 183 gold pieces.

Inventory:

Hand Weapons
 b - a +1 dagger of protection
 h - a +0 mace
Missiles
 a - 2 curare-tipped darts
 n - 2 poisoned darts (quivered)
Armour
 o - a +1 ring mail (worn)
Scrolls
 c - a scroll of fog
 i - a scroll of noise
Potions
 d - a potion of lignification
 e - 2 potions of might
 f - a potion of curing {unknown}
 g - a potion of ambrosia {unknown}


   Skills:
 + Level 4.4 Fighting
 - Level 3.6 Throwing
 - Level 3.6 Dodging
 - Level 4.8 Unarmed Combat


You had 4 spell levels left.
You didn't know any spells.
Your spell library contained the following spells:

 Spells                   Type           Power      Damage    Failure   Level
 Gell's Gravitas          Tloc           0%         N/A       88%         3
 Teleport Other           Tloc           0%         N/A       88%         3
 Dispersal                Tloc           0%         N/A       100%        6


Dungeon Overview and Level Annotations

Branches:
Dungeon (4/15)
 Temple: D:4-7

Altars:
Elyvilon


Innate Abilities, Weirdness & Mutations

You passively map a small area around you.
You are easily found by Zot.
You glow in the dark.
You regain HP and MP as you explore.


Message History

The killer bee stings you. The killer bee misses you.
The killer bee barely misses you.
You feel sick. The killer bee stings you.
A killer bee comes into view.
The killer bee stings you!
Your hobgoblin hits the killer bee.
The killer bee attacks as you move away!
The killer bee stings you.
You are more poisoned.
The killer bee poisons you!
You feel very sick.
The killer bee stings you but does no damage.
The killer bee stings you.
Your kobold closely misses the killer bee.
There is an open door here.
The killer bee attacks as you move away!
The killer bee stings you.
The killer bee attacks as you move away!
The killer bee misses you.
You feel very sick.
Your kobold throws a stone.
The stone misses the killer bee.
Your hobgoblin misses the killer bee.
As you read the scroll of summoning, it crumbles to dust.
Wisps of shadow whirl around you...
You feel sick. The killer bee misses you. The killer bee barely misses you.
Your hobgoblin completely misses the killer bee.
As you read the scroll labelled WAUJEY WIMN, it crumbles to dust.
You feel strangely unstable.
It was a scroll of teleportation.
You feel sick.
The killer bee stings your hobgoblin but does no damage.
The killer bee stings you!
* * * LOW HITPOINT WARNING * * *
You are more poisoned.
The killer bee poisons you!
The killer bee barely misses your kobold.
The killer bee stings you but does no damage.
The killer bee barely misses your kobold.
The killer bee stings your kobold. The killer bee stings your kobold!
Your kobold dies!
Your kobold's corpse dissolves into shadows!
The killer bee stings you.
You die...

* ######### *
#.......############# #
#.......#w..........# #
#.......'...†g......# #
#.......#.y@y.......#
######.......###'####...##
......#'####...yyy..#####
......#....#.....g..#
......#....#.....y..#
......#....#........#
......#....#........#
......+....#........#
......#....#........#


You could see 6 killer bees, a friendly dart slug (summoned) and 2 friendly
hobgoblins.

Vanquished Creatures
  Jessica (D:3)
  An adder (D:3)
  3 dart slugs
  5 ball pythons
  4 endoplasms
  2 giant cockroaches
  5 goblins
  7 hobgoblins
  4 kobolds
  2 quokkas
  2 bats
  4 frilled lizards
  4 rats
44 creatures vanquished.

Notes
Turn   | Place    | Note
-------+----------+-------------------------------------------
     0 | D:1      | Armakuni the Meteoran Wanderer began the quest for the Orb.
     0 | D:1      | Armakuni set off with the following items: a +0 vorpal
                  | dagger, 2 curare-tipped darts, a scroll of fog, a potion of
                  | lignification, a potion of might, a +0 leather armour
     0 | D:1      | Reached XP level 1. HP: 14/14 MP: 2/2
    79 | D:1      | Reached skill level 1 in Fighting
   103 | D:1      | Reached XP level 2. HP: 23/23 MP: 3/3
   269 | D:1      | Reached XP level 3. HP: 30/30 MP: 4/4
   877 | D:3      | Reached XP level 4. HP: 20/38 MP: 5/5
   902 | D:3      | Noticed Jessica
   922 | D:3      | Killed Jessica
  1059 | D:3      | Found a white marble altar of Elyvilon.
  1069 | D:3      | Became a worshipper of Elyvilon the Healer
  1144 | D:3      | Reached XP level 5. HP: 46/46 MP: 6/6
  1241 | D:4      | HP: 1/47 [killer bee (8)]
  1241 | D:4      | Slain by a killer bee

Illustrated notes

Levels and vault maps discovered:
D:1:      psy_arrival_whirlpool, layout_loops_ring, dreamdust_mushroom_princess
D:2:      layout_rooms, chequers_avenue
D:3:      layout_loops_ring, bloody_makhleb, elyvilon_altar_3, uniq_terence,
          uniq_jessica
D:4:      layout_gridville, gup_ossuary_entry_pyramid, kennysheep_donut,
          uniq_blork_the_orc

Skill      XL: |  1  2  3  4 |
---------------+-------------+-----
Fighting       | 1 2 3 4 |  4.4
Throwing       | |  3.6
Dodging        | |  3.6
Unarmed Combat | |  4.8

Action                   |  1- 3 |  4- 6 || total
-------------------------+-------+-------++-------
Melee: Unarmed           |    59 |    32 ||    91
       Punch             |     1 |     2 ||     3
Throw: Dart              |     4 |     3 ||     7
  Use: Scroll            |       |     7 ||     7
Armor: Leather armour    |    16 |       ||    16
       Ring mail         |     4 |    10 ||    14
Dodge: Dodged            |    24 |    17 ||    41

Table legend: (Time is in decaauts)
 A = Elapsed time spent in this place.
 B = Non-inter-level travel time spent in this place.
 C = Inter-level travel time spent in this place.
 D = Time resting spent in this place.
 E = Time spent auto-exploring this place.
 F = Levels seen in this place.
 G = Mean time per level.
                   A        B        C        D        E       F      G
               +--------+--------+--------+--------+--------+-----+--------+
         Total |   1235 |   1193 |     42 |      0 |    632 |   4 |  308.8 |
       Dungeon |   1235 |   1193 |     42 |      0 |    632 |   4 |  308.8 |
               +--------+--------+--------+--------+--------+-----+--------+

Top non-repeatable levels by time:
     D:1: 652 daAuts
     D:3: 306 daAuts
     D:2: 190 daAuts
     D:4: 85 daAuts
